 Dungeon Crawl Stone Soup version 0.30.0-29-ga12c61a403 (webtiles) character file.

Game seed: 3633028094174127983

136 javelincjr the Trooper (level 4, -4/41 HPs)
             Began as a Minotaur Berserker on June 12, 2023.
             Was a Believer of Trog.
             Killed from afar by Natasha (6 damage)
             ... with a magic dart
             ... on level 2 of the Dungeon.
             The game lasted 00:04:13 (1444 turns).

javelincjr the Trooper (Minotaur Berserker)         Turns: 1444, Time: 00:04:14

Health: -4/41      AC:  2    Str: 24    XL:     4   Next: 98%
Magic:  3/3        EV: 12    Int:  4    God:    Trog [**....]
Gold:   20         SH:  0    Dex:  9    Spells: 3/3 levels left

rFire   . . .        a - +0 hand axe
rCold   . . .        (no shield)
rNeg    . . .        b - +0 animal skin
rPois   .            (helmet restricted)
rElec   .            (no cloak)
rCorr   .            (no gloves)
SInv    .            (no boots)
Will    .....        (no amulet)
Stlth   +            (no ring)
HPRegen 0.26/turn    (no ring)
MPRegen 0.08/turn

%: no passive effects
@: no status effects
A: horns 2, retaliatory headbutt
a: Renounce Religion, Berserk, Trog's Hand


You were on level 2 of the Dungeon.
You worshipped Trog.
Trog was pleased with you.
You visited 1 branch of the dungeon, and saw 2 of its levels.

You collected 20 gold pieces.

Inventory:

Hand Weapons
 a - a +0 hand axe (weapon)
Missiles
 f - 6 stones (quivered)
Armour
 b - a +0 animal skin (worn)
Scrolls
 c - 3 scrolls of identify {unknown}
 d - a scroll of fear {unknown}
 h - 4 scrolls of teleportation {unknown}
 i - 2 scrolls of enchant weapon {unknown}
 j - a scroll of torment {unknown}
Potions
 e - 2 potions of curing {unknown}
 g - a potion of mutation {unknown}


   Skills:
 + Level 4.6 Fighting
 + Level 4.6 Axes
 + Level 3.8 Armour
 + Level 3.4 Dodging


You had 3 spell levels left.
You didn't know any spells.
Your spell library contained the following spells:

 Spells                   Type           Power      Damage    Failure   Level
 Tukima's Dance           Hex            0%         N/A       86%         3
 Passage of Golubria      Tloc           0%         N/A       99%         4
 Yara's Violent Unravell  Hex/Tmut       0%         3d3       100%        5


Dungeon Overview and Level Annotations

Branches:
Dungeon (2/15)

Altars:

Annotations:
D:2 Natasha


Innate Abilities, Weirdness & Mutations

You have a pair of horns on your head.
You reflexively headbutt those who attack you in melee.


Message History

Natasha barely misses you.
You barely miss Natasha. You punch Natasha.
Natasha is lightly wounded.
Natasha barely misses you.
You hit Natasha but do no damage.
Natasha is lightly wounded.
Natasha casts a spell at you. The magic dart hits you. Natasha misses you.
You furiously retaliate!
You headbutt Natasha. You closely miss Natasha. Your headbutt misses Natasha.
Natasha is heavily wounded.
Natasha mumbles some strange words.
You barely miss Natasha.
Natasha is heavily wounded.
Natasha zaps a wand.
The puff of flame misses you.
The cerulean imp hits you from afar with a +0 spear.
You closely miss Natasha. Your headbutt misses Natasha.
Natasha is heavily wounded.
Natasha claws you.
The cerulean imp hits you from afar with a +0 spear.
* * * LOW HITPOINT WARNING * * *
You closely miss Natasha.
Natasha is heavily wounded.
Natasha casts a spell.
The cerulean imp hits you but does no damage.
You hit Natasha but do no damage.
Natasha is heavily wounded.
You hit the cerulean imp but do no damage.
Natasha casts a spell at you. The magic dart hits you.
* * * LOW HITPOINT WARNING * * *
The cerulean imp hits you from afar with a +0 spear.
* * * LOW HITPOINT WARNING * * *
The cerulean imp barely misses you.
You closely miss Natasha. You punch Natasha, but do no damage.
Natasha is heavily wounded.
You barely miss the cerulean imp.
Natasha stares at you and mumbles some strange words.
The magic dart hits you.
You die...

##.##.........#.# ..
#.#########..#.# ..
#.. #..#.# ..
##...#### .#
#......## .#
###..#..##.#
#..##..#(#####
#5h###.).....##
#######
##.###.@............
.......
.....5.......#######
######
###.####..†..### #
#..(............. ##
#.....########... .#
#....... . .#######
...#....S. ........
.# ######.. #.##....
.##


You could see Natasha and 2 cerulean imps.

Vanquished Creatures
  Terence (D:2)
  Natasha (D:2)
  2 gnolls (D:1)
  3 adders (D:2)
  2 dart slugs (D:1)
  3 bats (D:2)
  5 endoplasms
  2 giant cockroaches (D:2)
  3 goblins
  3 hobgoblins (D:1)
  3 jackals (D:2)
  4 ball pythons
  4 kobolds (D:1)
  3 rats (D:1)
39 creatures vanquished.

Notes
Turn   | Place    | Note
-------+----------+-------------------------------------------
     0 | D:1      | javelincjr the Minotaur Berserker began the quest for the
                  | Orb.
     0 | D:1      | Reached XP level 1. HP: 19/19 MP: 0/0
   262 | D:1      | Reached XP level 2. HP: 14/27 MP: 1/1
   520 | D:1      | Reached XP level 3. HP: 25/33 MP: 2/2
  1175 | D:2      | Noticed Terence
  1181 | D:2      | Killed Terence
  1181 | D:2      | Reached ** piety under Trog
  1182 | D:2      | Reached XP level 4. HP: 30/41 MP: 3/3
  1353 | D:2      | Found a faded altar of an unknown god.
  1412 | D:2      | Noticed Natasha
  1420 | D:2      | Killed Natasha
  1429 | D:2      | Noticed Natasha
  1443 | D:2      | HP: 1/41 [cerulean imp/+0 spear[Natasha] (3)]
  1444 | D:2      | Killed from afar by Natasha

Illustrated notes

Levels and vault maps discovered:
D:1:      onia_arrival_mini_maze, layout_basic, item_on_display_a
D:2:      layout_rooms, basic_ecumenical_altar, corexii_item_surrounded_by_moat,
          uniq_terence, uniq_natasha

Skill      XL: |  1  2  3 |
---------------+----------+-----
Fighting       | 4 |  4.6
Axes           | 4 |  4.6
Armour         | 3 |  3.8
Dodging        | 3 |  3.4

Action                     |  1- 3 |  4- 6 || total
---------------------------+-------+-------++-------
  Melee: Hand axe          |    61 |    30 ||    91
         Headbutt          |    16 |     3 ||    19
         Punch             |       |     2 ||     2
  Throw: Stone             |     5 |     8 ||    13
 Armour: Animal skin       |     5 |    10 ||    15
  Dodge: Dodged            |    33 |    27 ||    60
